 Dungeon Sprint DCSS version 0.31-a0-66-ge618eeaa78 (webtiles) character file.

Game seed: 15778120997599112633

98 sircluck the Ruffian (level 4, -8/73 HPs)
             Began as a Troll Berserker on May 22, 2023.
             Was a Follower of Trog.
             Mangled by a salamander
             ... wielding a +0 halberd
              (14 damage)
             ... in the Dungeon (Sprint VII: "The Pits").
             The game lasted 00:00:43 (38 turns).

sircluck the Ruffian (Troll Berserker)                Turns: 38, Time: 00:00:44

Health: -8/73      AC:  4    Str: 27    XL:     4   Next: 44%
Magic:  3/3        EV: 10    Int:  3    God:    Trog [*.....]
Gold:   0          SH:  0    Dex:  9    Spells: 3/3 levels left

rFire   . .          .
                       - Unarmed
rCold   . . .        (no shield)
rNeg    . . .        a - +0 animal skin
rPois   .            (helmet restricted)
rElec   .            (no cloak)
rCorr   .            (gloves unavailable)
SInv    .            (boots unavailable)
Will    .....        (no amulet) Stlth
                     (no ring)
HPRegen 1.12/turn    (no ring)
MPRegen 0.08/turn

%: no teleportation
@: berserking (expiring), lethally poisoned (-8 -> -9), very quick
A: large, unfitting armour, claws 3, regeneration 1, shaggy fur 1, tough skin 1
a: Renounce Religion, Berserk


You were in the Dungeon.
You worshipped Trog.
Trog was aware of your devotion.
You visited 1 branch

Inventory:

Armour
 a - a +0 animal skin (worn)
Potions
 b - a potion of curing
 d - a potion of haste
 e - 2 potions of magic
 f - a potion of berserk rage


   Skills:
 + Level 4.9 Fighting
 + Level 4.9 Dodging
 + Level 5.9 Unarmed Combat


You had 3 spell levels left.
You didn't know any spells.
Your spell library was empty.

Dungeon Overview and Level Annotations

Branches:
Dungeon (1/1)

Altars:


Innate Abilities, Weirdness & Mutations

You are too large for most types of armour.
You have claws for hands.
Your natural rate of healing is unusually fast.
You are covered in fur. (AC +1)
You have tough skin. (AC +1)


Message History

The salamander misses you. The naga warrior spits poison at you.
The splash of poison hits you.
You are poisoned.
You closely miss the salamander.
You feel sick.
The salamander hits you with a +0 halberd!
You are engulfed in flames!
* * * LOW HITPOINT WARNING * * *
You are too injured to fight recklessly!
You are too injured to fight recklessly!
You are too injured to fight recklessly!
You are too injured to fight recklessly!
You are too injured to fight recklessly!
You are too injured to fight recklessly!
You are too injured to fight recklessly!
You are too injured to fight recklessly!
You are too injured to fight recklessly!
You are too injured to fight recklessly!
You are too injured to fight recklessly!
You are too injured to fight recklessly!
You are too injured to fight recklessly!
You are too injured to fight recklessly!
You claw the salamander!
The salamander is lightly wounded.
You feel sick.
You claw the salamander! Your claw misses the salamander.
The salamander is heavily wounded.
The salamander closely misses you.
You claw the salamander!
The salamander is heavily wounded.
You feel sick.
You feel sick. The naga spits poison at you. The splash of poison misses you.
You mangle the salamander!!
The salamander is almost dead.
The salamander hits you with a +0 halberd!
* * * LOW HITPOINT WARNING * * *
You are engulfed in flames!
You die...

+................+
#......#..#......#
#.......N........#
####N#####NN######
#..N....##N'#
#..N....##..N.
#.......##N..N.
#..N<...##.N...#
#N@.....##...###
#.......##..##
#.......#
#########


You could see a naga warrior (catching breath), a salamander and 3 nagas.

Vanquished Creatures
  A floating eye (D)
1 creature vanquished.

Notes
Turn   | Place    | Note
-------+----------+-------------------------------------------
     0 | D        | sircluck the Troll Berserker began the quest for the Orb.
     0 | D        | Reached XP level 1. HP: 22/22 MP: 0/0
    11 | D        | Noticed a naga warrior
    11 | D        | Noticed a naga
    11 | D        | Noticed a naga
    11 | D        | Noticed a salamander
    11 | D        | Noticed a naga
    11 | D        | Noticed a floating eye
    15 | D        | Paralysed by a floating eye for 3 turns
    19 | D        | HP: 1/22 [salamander/+0 halberd (8)]
    20 | D        | Killed a floating eye
    21 | D        | Reached skill level 5 in Unarmed Combat
    21 | D        | Reached XP level 2. HP: 3/33 MP: 1/1
    21 | D        | Reached XP level 3. HP: 4/41 MP: 2/2
    21 | D        | Reached XP level 4. HP: 5/49 MP: 3/3
    38 | D        | Mangled by a salamander

Illustrated notes

Levels and vault maps discovered:
D:        pitsprint [storerooms_1, entrance_room_1, metal_vault_4, armoury_1,
          mini_pit_1, grid_room_1, main_hall_1, silver_pit, the_coven_1,
          the_vestibule_1, steel_vault_3, golden_pit, hallway_of_sentries,
          crystal_vault_1, iron_vault_2, final_vault]

Skill      XL: |  1 |
---------------+----+-----
Fighting       | 4 |  4.9
Dodging        | 4 |  4.9
Unarmed Combat | 5 |  5.9

Action                     |  1- 3 |  4- 6 || total
---------------------------+-------+-------++-------
  Melee: Unarmed           |     3 |     5 ||     8
 Invoke: Berserk           |       |     1 ||     1
    Use: Scroll            |       |     1 ||     1
         Potion            |       |     1 ||     1
  Dodge: Dodged            |     1 |     3 ||     4

Table legend: (Time is in decaauts)
 A = Elapsed time spent in this place.
 B = Non-inter-level travel time spent in this place.
 C = Inter-level travel time spent in this place.
 D = Time resting spent in this place.
 E = Time spent auto-exploring this place.
 F = Levels seen in this place.
 G = Mean time per level.
                   A        B        C        D        E       F      G
               +--------+--------+--------+--------+--------+-----+--------+
         Total |     35 |     35 |      0 |      2 |     11 |   1 |   35.0 |
       Dungeon |     35 |     35 |      0 |      2 |     11 |   1 |   35.0 |
               +--------+--------+--------+--------+--------+-----+--------+

Top non-repeatable levels by time:
       D: 35 daAuts
